 Dungeon Crawl Stone Soup version 0.31-a0-640-g39d97e502b (webtiles) character file.

Game seed: 3150111184381838900

2874 Newt the Carver (level 9, -6/56 HPs)
             Began as a Gargoyle Fighter on Aug 27, 2023.
             Was an Initiate of Okawaru.
             Mangled by an orc warrior
             ... wielding a +0 halberd
              (10 damage)
             ... in a bailey.
             The game lasted 00:06:54 (5320 turns).

Newt the Carver (Gargoyle Fighter)                  Turns: 5320, Time: 00:06:55

Health: -6/56      AC: 15    Str: 21    XL:     9   Next: 76%
Magic:  9/9        EV:  9    Int: 13    God:    Okawaru [......]
Gold:   121        SH:  5    Dex: 17    Spells: 8/8 levels left

rFire   x . .        o - +8 long sword "Gargoyle's Foe" {heavy, Int+3}
rCold   . . .        c - +0 buckler
rNeg    + . .        b - +0 scale mail
rPois   ∞            (no helmet)
rElec   +            m - +1 cloak
rCorr   .            (no gloves)
SInv    .            (no boots)
Will    .....        k - amulet of regeneration Stlth
                     p - +6 ring of dexterity
HPRegen 1.09/turn    (no ring)
MPRegen 0.11/turn

%: no passive effects
@: no status effects
A: sickness immunity, AC +6, negative energy resistance 1, electricity
resistance, torment resistance 1, petrification resistance, heat vulnerability
1, inability to drink after injury 1
a: Renounce Religion


You were in a bailey.
You worshipped Okawaru.
Okawaru was noncommittal.
You visited 2 branches of the dungeon, and saw 8 of its levels.
You also visited: Sewer and Bailey.

You collected 254 gold pieces.
You spent 133 gold pieces at shops.

Inventory:

Hand Weapons
 a - a +0 flail
 i - a +2 flail of distortion
 o - the +8 long sword "Gargoyle's Foe" (weapon) {heavy, Int+3}
   (You found it on level 2 of the Dungeon)

   Int+3:     It affects your intelligence (+3).
Missiles
 B - 5 javelins
Armour
 b - a +0 scale mail (worn)
 c - a +0 buckler (worn)
 m - a +1 cloak (worn)
Jewellery
 k - an amulet of regeneration (around neck)
 n - an amulet of reflection
 p - a +6 ring of dexterity (left hand)
 t - an amulet of faith
Wands
 w - a wand of quicksilver (7)
 y - a wand of mindburst (9)
Scrolls
 d - 2 scrolls of noise
 f - 3 scrolls of fog
 h - a scroll of immolation
 l - 2 scrolls of blinking
 q - 2 scrolls of vulnerability
 u - a scroll of poison
 v - a scroll of brand weapon
 x - 3 scrolls of teleportation
 z - a scroll of fear
 D - 2 scrolls of amnesia
 F - a scroll of butterflies
Potions
 e - 4 potions of haste
 g - a potion of lignification
 j - 2 potions of enlightenment
 r - a potion of heal wounds
 s - 2 potions of curing
 A - a potion of brilliance {unknown}
 C - a potion of cancellation
 G - 2 potions of invisibility


   Skills:
 + Level 6.9 Fighting
 - Level 10.0 Long Blades
 - Level 4.0 Maces & Flails
 - Level 5.0 Armour
 - Level 3.2 Shields


You had 8 spell levels left.
You didn't know any spells.
Your spell library contained the following spells:

 Spells                   Type           Power      Damage    Failure   Level
 Ignite Poison            Fire/Tmut/Pois 0%         N/A       96%         3
 Freezing Cloud           Conj/Ice/Air   0%         6-21      100%        5
 Cigotuvi's Dreadful Rot  Necr/Pois/Air  Unusable   N/A       N/A         2

Dungeon Overview and Level Annotations

Branches:
Dungeon (7/15)             Temple (1/1) D:6           Sewer (visited)
 Bailey (1/1)

Altars:
Ashenzari
Cheibriados
Dithmenos
Elyvilon
Fedhas
Gozag
Hepliaklqana
Kikubaaqudgha
Makhleb
Okawaru
Qazlal
Sif Muna
Trog
Uskayaw
Vehumet
Xom
Yredelemnul
Zin
The Shining One

Shops:
D:1 [   D:4 (   D:6 ?

Annotations:
D:7 3 runed translucent doors


Innate Abilities, Weirdness & Mutations

You are immune to sickness and miasma.
Your stone body is resilient. (AC +6)
You are immune to poison.
You resist negative energy. (rN+)
You are resistant to electric shocks. (rElec)
You are resistant to unholy torment.
You are immune to petrification.
You are vulnerable to heat. (rF-)
You occasionally lose the ability to drink potions when taking damage.


Message History

The orc hits you but does no damage.
The orc warrior attacks as it pursues you!
The orc warrior hits you but does no damage.
The orc attacks as it pursues you! You block the orc's attack.
Unknown command.
You hit the orc but do no damage. The orc misses you.
The orc hits you from afar with a +0 trident.
Unknown command.
You closely miss the orc. The orc hits you but does no damage.
The orc warrior hits you but does no damage.
The orc hits you from afar with a +0 trident!
* * * LOW HITPOINT WARNING * * *
The orc closely misses you.
The orc warrior hits you with a +0 halberd.
* * * LOW HITPOINT WARNING * * *
The orc closely misses you.
Found 15 gold pieces.
You block the orc's attack. You block the orc warrior's attack.
Unknown command.
You hit the orc.
The orc is heavily wounded.
The orc hits you with a +0 halberd.
* * * LOW HITPOINT WARNING * * *
The orc warrior misses you.
Unknown command.
You closely miss the orc.
The orc is heavily wounded.
The orc hits you with a +0 halberd.
* * * LOW HITPOINT WARNING * * *
The orc warrior hits you from afar with a +0 halberd.
* * * LOW HITPOINT WARNING * * *
The orc hits you but does no damage.
The orc warrior hits you but does no damage.
You block the orc's attack.
Unknown command.
An orc warrior comes into view. It is wielding a +0 glaive.
The orc warrior shouts!
You hear a shout! x2
The orc warrior attacks as it pursues you!
The orc warrior hits you from afar with a +0 halberd!
You die...

#### ≈≈≈≈.. $.######
##.... ≈≈≈...#.......
...♣♣..≈ ≈≈...##..o.
....♣..≈ ≈....#..#
......######...#@8#
...............#..#
...............'oo#
...............'..#
.........))....#o.#
......######...#.8#
.......≈≈≈≈....#o.#
....♣..≈≈≈≈.♣.##........
##.....≈≈≈≈...#.........


You could see 2 orc warriors and 3 orcs.

Vanquished Creatures
  Pikel (D:5)
  A hornet (D:5)
  2 orc warriors
  2 black bears
  The ghost of avis the Chopper, an amateur HOMo (D:3)
  An ice beast (D:5)
  2 phantoms (D:5)
  A centaur (D:6)
  A lemure (D:5)
  2 bullfrogs (Sewer)
  A wight (D:5)
  A howler monkey (D:5)
  4 bullfrog zombies (D:5)
  4 hounds
  3 jellies
  An orc priest (D:4)
  2 sleepcaps
  Jessica (D:2)
  A scorpion zombie (D:5)
  7 iguanas
  2 orc wizards
  A howler monkey zombie (D:5)
  19 adders
  12 gnolls
  3 river rats (Sewer)
  A shadow imp (D:6)
  An ufetubus (D:5)
  2 worms
  4 dart slugs
  13 orcs
  6 bats
  4 bat zombies (D:5)
  9 endoplasms
  8 giant cockroaches
  10 goblins
  9 hobgoblins
  4 jackals (D:2)
  9 quokkas
  25 ball pythons
  5 frilled lizards
  12 kobolds
  29 rats
  A rat zombie (D:5)
228 creatures vanquished.

Notes
Turn   | Place    | Note
-------+----------+-------------------------------------------
     0 | D:1      | Newt the Gargoyle Fighter began the quest for the Orb.
     0 | D:1      | Reached XP level 1. HP: 14/14 MP: 1/1
    59 | D:1      | Found Jappoaph's Antique Armour Shoppe.
    96 | D:1      | Reached XP level 2. HP: 17/20 MP: 2/2
   358 | D:1      | Reached XP level 3. HP: 24/24 MP: 3/3
   567 | D:2      | Reached skill level 5 in Fighting
   633 | D:2      | Noticed Jessica
   636 | D:2      | Killed Jessica
   637 | D:2      | Reached XP level 4. HP: 26/31 MP: 4/4
   671 | D:2      | You fall into a shaft and drop 2 floors!
  1016 | D:3      | Reached XP level 5. HP: 35/35 MP: 5/5
  1078 | D:3      | Found a runed translucent gate.
  1078 | D:3      | Found a runed translucent gate.
  1081 | D:3      | Found a runed translucent gate.
  1082 | D:3      | Noticed avis's ghost (amateur HOMo)
  1496 | D:2      | Identified the +8 long sword "Gargoyle's Foe" {heavy,
                  | Int+3}
  1552 | D:2      | Gained mutation: You occasionally lose the ability to drink
                  | potions when taking damage. [mutagenic glow]
  1564 | D:2      | Gained mutation: You are vulnerable to heat. (rF-)
                  | [mutagenic glow]
  1613 | D:2      | Found a glowing golden altar of the Shining One.
  2153 | D:3      | Reached XP level 6. HP: 40/40 MP: 6/6
  2168 | D:3      | Killed avis's ghost
  2169 | D:3      | Reached skill level 5 in Armour
  2169 | D:3      | Reached skill level 1 in Long Blades
  2302 | D:4      | Reached skill level 2 in Long Blades
  2603 | D:4      | Found Kehumiot's Antique Weapon Boutique.
  2675 | D:4      | Reached skill level 3 in Long Blades
  2675 | D:4      | Reached XP level 7. HP: 37/44 MP: 7/7
  2970 | D:5      | Entered Level 5 of the Dungeon
  2990 | D:5      | Noticed a hornet
  2992 | D:5      | Reached skill level 4 in Long Blades
  3348 | D:5      | Killed a hornet
  3349 | D:5      | Reached skill level 5 in Long Blades
  3349 | D:5      | Reached XP level 8. HP: 36/49 MP: 8/8
  3350 | D:5      | Reached skill level 6 in Long Blades
  3409 | D:5      | Noticed Pikel
  3416 | D:5      | Killed Pikel
  3417 | D:5      | Reached skill level 8 in Long Blades
  3439 | D:5      | Reached XP level 9. HP: 32/54 MP: 9/9
  3528 | D:5      | Reached skill level 9 in Long Blades
  3651 | D:5      | Found an opulent altar of Gozag.
  3866 | D:5      | Found a basalt altar of Yredelemnul.
  3955 | D:5      | Found an ancient bone altar of Kikubaaqudgha.
  4397 | D:6      | Found Gutoh's Magic Scroll Boutique.
  4401 | D:6      | Bought a scroll of identify for 28 gold pieces
  4401 | D:6      | Bought a scroll of revelation for 105 gold pieces
  4428 | D:6      | Found a glowing drain.
  4453 | Sewer    | Entered a sewer
  4651 | Sewer    | Reached skill level 10 in Long Blades
  4877 | D:6      | Found a staircase to the Ecumenical Temple.
  4958 | Temple   | Entered the Ecumenical Temple
  4986 | Temple   | Became a worshipper of Warmaster Okawaru
  5244 | D:7      | Found a runed translucent gate.
  5244 | D:7      | Found a runed translucent gate.
  5248 | D:7      | Found a runed translucent gate.
  5262 | D:7      | Found a flagged portal.
  5277 | Bailey   | Entered a bailey
  5317 | Bailey   | HP: 1/56 [orc warrior/+0 halberd (4)]
  5320 | Bailey   | Mangled by an orc warrior

Illustrated notes

Levels and vault maps discovered:
D:1:      dpeg_arrival_ternary, layout_basic, serial_shops, nicolae_shop_stone
D:2:      layout_loops_ring, basic_altar, grunt_ministairs_14,
          serial_bayou_pond_a, corner_web_ring, moated_statue, uniq_jessica
D:3:      layout_loops_ring, gammafunk_ghost_split
D:4:      layout_basic, serial_shops, nicolae_shop_peninsula
D:5:      cheibrodos_fzero, layout_loops_ring, nicolae_yredelemnul_corpse_copse,
          nicolae_gozag_cash_rules_everything_around_me,
          lemuel_zombie_altar_kikubaaqudgha, feat_on_display, uniq_pikel
D:6:      layout_loops_corners, minmay_temple_entry_gardened_gates,
          portal_sewer_entry_f, serial_shops, shop
D:7:      layout_loops_corners, gammafunk_ghost_necromancy, enter_bailey_5
Temple:   regret_index_temple_sphere_string
Bailey:   bailey_polearm_elven_captive_hellmonk, bailey

Skill      XL: |  1  2  3  4  5  6  7  8  9 |
---------------+----------------------------+-----
Fighting       | 4 5 6 |  6.9
Maces & Flails | 3 4 |  4.0
Armour         | 4 5 |  5.0
Long Blades    | 3 5 8 10 | 10.0
Shields        | |  3.2

Action                     |  1- 3 |  4- 6 |  7- 9 || total
---------------------------+-------+-------+-------++-------
  Melee: Flail             |   121 |    52 |       ||   173
         Long sword        |       |    69 |   313 ||   382
    Use: Scroll            |     4 |     4 |    12 ||    20
         Potion            |       |     3 |       ||     3
 Armour: Scale mail        |    74 |    86 |   360 ||   520
  Dodge: Dodged            |    67 |    55 |   256 ||   378
  Block: Buckler           |    33 |    32 |   161 ||   226

Table legend: (Time is in decaauts)
 A = Elapsed time spent in this place.
 B = Non-inter-level travel time spent in this place.
 C = Inter-level travel time spent in this place.
 D = Time resting spent in this place.
 E = Time spent auto-exploring this place.
 F = Levels seen in this place.
 G = Mean time per level.
                   A        B        C        D        E       F      G
               +--------+--------+--------+--------+--------+-----+--------+
         Total |   5625 |   5358 |    267 |    560 |   3355 |  10 |  562.5 |
       Dungeon |   5153 |   4942 |    211 |    560 |   3181 |   7 |  736.1 |
        Temple |     56 |      1 |     55 |      0 |      0 |   1 |   56.0 |
         Sewer |    367 |    367 |      0 |      0 |    156 |   1 |  367.0 |
        Bailey |     46 |     46 |      0 |      0 |     18 |   1 |   46.0 |
               +--------+--------+--------+--------+--------+-----+--------+

Top non-repeatable levels by time:
     D:4: 1119 daAuts
     D:3: 989 daAuts
     D:5: 920 daAuts
     D:2: 838 daAuts
     D:6: 764 daAuts
     D:1: 485 daAuts
   Sewer: 367 daAuts
  Temple: 56 daAuts
  Bailey: 46 daAuts
     D:7: 36 daAuts
